 Dungeon Crawl Stone Soup version 0.20-a0-296-gf222164 (webtiles) character file.

229 tboon the Covered (level 5, -11/47 HPs)
             Began as a Minotaur Fighter on Dec 14, 2016.
             Killed by divine providence
             ... invoked by an orc priest
              (17 damage)
             ... on level 4 of the Dungeon.
             The game lasted 00:06:29 (2480 turns).

tboon the Covered (Minotaur Fighter)                Turns: 2480, Time: 00:06:30

Health: -11/47     AC:  8    Str: 21    XL:     5   Next: 71%
Magic:  4/4        EV: 11    Int:  6    God:
Gold:   190        SH:  0    Dex:  9    Spells: 4/4 levels left

rFire  . . .     SeeInvis .     a - +0 war axe
rCold  . . .     Gourm    .     b - +0 scale mail
rNeg   . . .     Faith    .     (no shield)
rPois  .         Spirit   .     (helmet restricted)
rElec  .         Reflect  .     (no cloak)
rCorr  .         Harm     .     (no gloves)
MR     .....                    o - +0 pair of boots
Stlth  ..........               (no amulet)
                                (no ring)
                                (no ring)

@: no status effects
A: retaliatory headbutt, horns 2
a: no special abilities


You were on level 4 of the Dungeon.
You were not hungry.

You visited 1 branch of the dungeon, and saw 4 of its levels.

You collected 190 gold pieces.

Inventory:

Hand Weapons
 a - a +0 war axe (weapon)
Armour
 b - a +0 scale mail (worn)
 o - a +0 pair of boots (worn)
   (You found it on level 3 of the Dungeon)
Jewellery
 i - an uncursed amulet of the gourmand {Gourm, !d}
   (You found it on level 1 of the Dungeon)
Scrolls
 c - a scroll of identify
 k - a scroll of magic mapping {unknown}
 n - 2 scrolls of fear
 p - a scroll of teleportation {unknown}
 s - a scroll of enchant armour {unknown}
 t - a scroll of enchant weapon {unknown}
 u - a scroll of remove curse {unknown}
 v - a scroll of amnesia {unknown}
Potions
 d - a potion of might
 e - a potion of agility {unknown}
 j - 2 potions of ambrosia
 l - a potion of resistance {unknown}
 m - a potion of heal wounds {unknown}
 q - a potion of curing
Comestibles
 f - 4 bread rations
 g - 2 meat rations
 h - a beef jerky
 r - 4 chunks of flesh


   Skills:
 + Level 4.7 Fighting
 * Level 4.6 Axes
 + Level 4.8 Armour
 + Level 2.9 Dodging
   Level 3.6 Shields


You had 4 spell levels left.
You didn't know any spells.

Dungeon Overview and Level Annotations

Branches:
Dungeon (4/15)
 Temple: D:4-7

Altars:
Nemelex Xobeh
Qazlal

Shops:
D:4 [


Innate Abilities, Weirdness & Mutations

You reflexively headbutt those who attack you in melee.
You have a pair of horns on your head.


Message History

The orc priest hits you with a hand axe.
You barely miss the orc priest.
The orc priest hits you but does no damage.
You slash the orc priest! Your headbutt misses the orc priest.
The orc priest is almost dead.
You hear an angry hiss.
The orc priest looks satisfied for a moment.
The orc priest hits you but does no damage.
You hear a shout!
An adder comes into view.
You slash the orc priest!
You kill the orc priest!
The adder misses you.
You miss the adder. The adder closely misses you.
You slash the adder!
The adder is almost dead.
The adder bites you. The adder barely misses you.
A quokka and an orc come into view.
The orc shouts!
You hit the adder.
You kill the adder!
You hear an angry hiss.
You hear a shout!
You hear an angry hiss.
You hear a shout!
An adder and an orc come into view.
The adder hisses angrily.
The quokka bites you but does no damage.
The adder moves out of view.
The orc moves out of view.
A hound and an orc come into view.
The hound barks!
You hit the quokka but do no damage. You hit the orc.
The quokka bites you but does no damage.
The orc hits you with a dagger.
An orc priest comes into view. It is wielding a hand axe.
You hit the orc.
The orc is moderately wounded.
You closely miss the quokka. The quokka barely misses you.
The orc hits you but does no damage.
The orc priest begins to cast a cantrip, but forgets the words!
The quokka barely misses you.
You slash the orc!
You kill the orc!
You barely miss the quokka. The quokka closely misses you.
The orc priest invokes the aid of Beogh against you.
Beogh smites you! The orc hits you. The quokka barely misses you.
You miss the hound. You barely miss the quokka. You hit the orc.
The hound barely misses you. The hound bites you but does no damage.
The quokka misses you.
You completely miss the orc. You headbutt the orc, but do no damage.
The orc is moderately wounded.
You hit the hound. You hit the quokka. The hound bites you but does no damage.
The quokka barely misses you. You furiously retaliate!
You headbutt the quokka, but do no damage.
The hound bites you. The orc barely misses you. You furiously retaliate!
You headbutt the orc. The adder bites you. The quokka barely misses you.
A leopard gecko comes into view.
You are too injured to fight recklessly!
You are too injured to fight recklessly!
You are too injured to fight recklessly!
You are too injured to fight recklessly!
You are too injured to fight recklessly!
You are too injured to fight recklessly!
You completely miss the adder.
The leopard gecko hisses angrily.
You hit the quokka but do no damage. You hit the hound.
You barely miss the orc. The hound bites you but does no damage.
The adder closely misses you. The orc closely misses you.
The quokka bites you but does no damage.
The hound barely misses you. The adder bites you but does no damage.
The orc hits you.
A leopard gecko comes into view.
You closely miss the adder.
The leopard gecko hisses angrily.
You hit the quokka but do no damage. You hit the hound.
You barely miss the orc. x2; The hound bites you but does no damage.
The quokka bites you. The adder bites you but does no damage.
The orc barely misses you. You furiously retaliate!
You headbutt the orc!
You kill the orc!
The hound misses you. The quokka closely misses you.
The orc hits you but does no damage. The adder bites you but does no damage.
You miss the adder. You slash the orc!
You kill the orc!
You barely miss the hound. You closely miss the quokka.
The hound bites you but does no damage.
The quokka bites you but does no damage.
The adder barely misses you. The hound barely misses you.
You closely miss the orc priest. You headbutt the orc priest!
The orc priest is heavily wounded.
You slash the adder! You closely miss the quokka. You hit the hound.
You kill the hound!
The quokka bites you but does no damage.
The adder closely misses you.
The orc priest mumbles some strange prayers to Beogh against you.
Beogh smites you!
* * * LOW HITPOINT WARNING * * *
The quokka bites you but does no damage.
The adder closely misses you. You furiously retaliate!
You headbutt the adder, but do no damage.
The orc priest mumbles some strange prayers to Beogh against you.
Beogh smites you!
You die...

.###......#.#####.....
...........(.###...#..
(.........#.......##. .
...............<........
.......#+#..(..##.##....
......)'∩+.....##.# ..
.......#'#.....#.l#l#
...........#...)oS..#
.....<....##..†.@###..>.
..........##...†r# .
###........#....##
###.###.##....#.#
.....>.............
.#...#####..#..#... #...
##.#......# #..
#...##...# .. ##### %..#


You could see an orc priest, an adder, 2 leopard geckos and a quokka.

Vanquished Creatures
  An orc priest (D:4)
  A hound (D:4)
  An orc wizard (D:3)
  A hound skeleton (D:4)
  5 adders
  4 worms
  2 dart slugs
  A leopard gecko (D:3)
  9 orcs
  8 bats
  3 giant cockroaches
  6 hobgoblins
  2 jackals (D:2)
  3 ball pythons
  3 frilled lizards
  4 goblins
  5 kobolds
  A leopard gecko skeleton (D:4)
  5 rats
65 creatures vanquished.

Notes
Turn   | Place    | Note
-------+----------+-------------------------------------------
     0 | D:1      | tboon the Minotaur Fighter began the quest for the Orb.
     0 | D:1      | Reached XP level 1. HP: 19/19 MP: 0/0
   201 | D:1      | Reached XP level 2. HP: 21/27 MP: 1/1
   594 | D:1      | Reached skill level 1 in Dodging
   764 | D:2      | Reached skill level 3 in Axes
   876 | D:2      | Reached XP level 3. HP: 32/33 MP: 2/2
   980 | D:2      | Reached skill level 4 in Fighting
  1217 | D:2      | Found a stormy altar of Qazlal.
  1220 | D:2      | Reached skill level 4 in Armour
  1693 | D:3      | Reached XP level 4. HP: 34/40 MP: 3/3
  1706 | D:3      | Reached skill level 2 in Dodging
  1929 | D:3      | Reached skill level 4 in Axes
  1979 | D:3      | Found a sparkling altar of Nemelex Xobeh.
  2396 | D:4      | Reached XP level 5. HP: 47/47 MP: 4/4
  2443 | D:4      | Found Qeeman's Antique Armour Emporium.
  2480 | D:4      | HP: 6/47 [orc priest/divine providence (12)]
  2480 | D:4      | Killed from afar by an orc priest

Vault maps used:
D:1:      dpeg_arrival_central, minivault_4, serial_bayou_pond_a,
          grunt_decor_cap, minmay_misc_feat_ornament
D:2:      nicolae_qazlal_general_emergency
D:3:      nicolae_overflow_crystal_walls
D:4:      serial_shops, kennysheep_mini, first_bread

Skill      XL: |  1  2  3  4 |
---------------+-------------+-----
Dodging        | 1 2 |  2.9
Axes           | 3 4 |  4.6
Fighting       | 4 |  4.7
Armour         | 4 |  4.8
Shields        | |  3.6

Action                   |  1- 3 |  4- 6 || total
-------------------------+-------+-------++-------
Melee: War axe           |   101 |    71 ||   172
       Headbutt          |    12 |    11 ||    23
  Use: Scroll            |       |     6 ||     6
  Eat: Chunk             |     3 |     1 ||     4
       Beef jerky        |       |     1 ||     1
Armor: Scale mail        |    57 |    49 ||   106
Dodge: Dodged            |    54 |    57 ||   111

Vault maps used:
D:1:      dpeg_arrival_central, minivault_4, serial_bayou_pond_a,
          grunt_decor_cap, minmay_misc_feat_ornament
D:2:      nicolae_qazlal_general_emergency
D:3:      nicolae_overflow_crystal_walls
D:4:      serial_shops, kennysheep_mini, first_bread

Table legend:
 A = Turns spent in this place as a percentage of turns spent in the entire game.
 B = Non-inter-level travel turns spent in this place as a percentage of non-inter-level travel turns spent in the entire game.
 C = Inter-level travel turns spent in this place as a percentage of turns spent in this place.
 D = Turns resting spent in this place as a percentage of non-inter-level travel turns spent in this place.
 E = Turns spent auto-exploring this place as a percentage of non-inter-level travel turns spent in this place.
 F = Non-inter-level travel turns spent in this place divided by the number of levels of this place that you've seen.
                   A       B       C       D       E      F
               +-------+-------+-------+-------+-------+----------------------
         Total | 100.0 | 100.0 |   0.6 |   1.6 |  17.1 | 121.2
       Dungeon | 100.0 | 100.0 |   0.6 |   1.6 |  17.1 | 121.2
               +-------+-------+-------+-------+-------+----------------------

Table legend:
 A = Kills in this place as a percentage of kills in entire the game.
 B = Kills by you in this place as a percentage of kills by you in the entire game.
 C = Kills by friends in this place as a percentage of kills by friends in the entire game.
 D = Other kills in this place as a percentage of other kills in the entire game.
 E = Experience gained in this place as a percentage of experience gained in the entire game.
 F = Experience gained in this place divided by the number of levels of this place that you have seen.
                   A       B       C       D       E      F
               +-------+-------+-------+-------+-------+----------------------
         Total | 100.0 | 100.0 |  -nan |  -nan | 100.0 |  82.0
       Dungeon | 100.0 | 100.0 |  -nan |  -nan | 100.0 |  82.0
               +-------+-------+-------+-------+-------+----------------------
